 Dungeon Crawl Stone Soup version 0.24.0-28-g17ded55e90 (webtiles) character file.

Game seed: 17397869291188700276, levelgen mode: deterministic

22 Flugslaktarn the Shield-Bearer (level 2, -5/27 HPs)
             Began as a Deep Dwarf Fighter on Nov 12, 2019.
             Slain by an ogre
             ... wielding a +0 giant spiked club
              (25 damage)
             ... on level 3 of the Dungeon.
             The game lasted 00:00:16 (448 turns).

Flugslaktarn the Shield-Bearer (Deep Dwarf Fighter)  Turns: 448, Time: 00:00:17

Health: -5/27      AC:  6    Str: 19    XL:     2   Next: 68%
Magic:  2/2        EV:  7    Int:  8    God:
Gold:   76         SH:  9    Dex: 12    Spells: 1/1 levels left

rFire    . . .     SeeInvis .   a - +0 war axe
rCold    . . .     Gourm    .   c - +0 shield
rNeg     . . .     Faith    .   b - +0 scale mail
rPois    .         Spirit   .   (no helmet)
rElec    .         Reflect  .   (no cloak)
rCorr    .         Harm     .   (no gloves)
MR       .....                  (no boots)
Stlth    ..........             (no amulet)
HPRegen  0.00/turn              (no ring)
MPRegen  0.08/turn              (no ring)

@: lethally poisoned (-5 -> -5), non-regenerating
A: damage resistance, heal wounds, sense surroundings 1, no regeneration
a: Heal Wounds


You were on level 3 of the Dungeon.
You were not hungry.

You visited 1 branch of the dungeon, and saw 3 of its levels.

You collected 76 gold pieces.

Inventory:

Hand Weapons
 a - a +0 war axe (weapon)
Armour
 b - a +0 scale mail (worn)
 c - a +0 shield (worn)
Jewellery
 i - a +5 ring of strength {unknown}
   (You found it on level 2 of the Dungeon)
Scrolls
 f - 3 scrolls of identify {unknown}
 h - a scroll of fog {unknown}
Potions
 d - a potion of might
Comestibles
 e - 2 rations
 g - a chunk of flesh


   Skills:
 + Level 2.9 Fighting
 * Level 2.8 Axes
 + Level 3.5 Armour
 + Level 3.5 Shields


You had one spell level left.
You didn't know any spells.
Your spell library was empty.

Dungeon Overview and Level Annotations

Branches:
Dungeon (3/15)

Altars:
Hepliaklqana
Qazlal

Annotations:
D:1 1 runed translucent door


Innate Abilities, Weirdness & Mutations

You are resistant to damage.
You can heal yourself by infusing magical energy.
You passively map a small area around you.
You do not regenerate.


Message History

The frilled lizard closely misses you.
You slash the quokka!
You kill the quokka!
You hit the hobgoblin. You closely miss the frilled lizard.
The hobgoblin hits you but does no damage.
You block the frilled lizard's attack. The adder bites you.
You are poisoned.
The adder poisons you! The hobgoblin closely misses you.
You slash the hobgoblin!
You kill the hobgoblin!
You hit the adder. You miss the frilled lizard. You block the adder's attack.
The frilled lizard barely misses you. The ogre barely misses you.
The adder bites you. The frilled lizard barely misses you.
You slash the ogre!
The ogre is heavily wounded.
You barely miss the adder. You closely miss the frilled lizard.
The adder closely misses you. The frilled lizard barely misses you.
The ogre hits you with a +0 giant spiked club!!
Ouch! That really hurt!
You die...

, * ##+#...........
#.*** #.####........
, , #.. #.##
#........* .$.,
..###........
###.##*#.##..(......
*#.....##.##........#
......g#..'........#*
,
......S#.##...###...
,..._.rl@.##...# .##
, ......O#.##...# #
?......#.##...#*,
#.....##.##...# *
,,*###.##*#.##...# **
... , ... ...# * ...
... , * *#. ..*,,,*


You could see an ogre, an adder, a goblin, a frilled lizard and a rat.

Vanquished Creatures
  An adder (D:2)
  A leopard gecko (D:2)
  3 hobgoblins
  A quokka (D:3)
  A ball python (D:2)
  2 bats (D:1)
  A frilled lizard (D:2)
  A kobold (D:1)
  2 rats (D:2)
13 creatures vanquished.

Notes
Turn   | Place    | Note
-------+----------+-------------------------------------------
     0 | D:1      | Flugslaktarn the Deep Dwarf Fighter began the quest for the
                  | Orb.
     0 | D:1      | Reached XP level 1. HP: 20/20 MP: 1/1
     1 | D:1      | Found a runed translucent door.
     2 | D:1      | Noticed a jelly
     6 | D:1      | Noticed a jelly
   242 | D:2      | Reached XP level 2. HP: 24/27 MP: 2/2
   427 | D:3      | Found a stormy altar of Qazlal.
   440 | D:3      | Found a hazy altar of Hepliaklqana.
   440 | D:3      | Noticed an ogre
   448 | D:3      | Slain by an ogre

Levels and vault maps discovered:
D:1:      dpeg_arrival_caged_fury, layout_basic, serial_glass, glass_columns_b,
          glass_columns_b
D:2:      layout_basic
D:3:      layout_basic, nicolae_qazlal_eye_of_the_storm, old_standard_altar,
          chequers_ecumenical_altar_island, first_ration, uniq_jessica

Action                   || total
-------------------------++-------
Melee: War axe           ||    50
Armor: Scale mail        ||    26
Dodge: Dodged            ||    26
Block: Shield            ||    28
